 Dungeon Crawl Stone Soup version 0.25-a0-464-g3004169c2b (webtiles) character file.

Game seed: 199207297409257576, levelgen mode: deterministic

185 Kohma the Chiller (level 5, -1/35 HPs)
             Began as a Merfolk Ice Elementalist on Feb 4, 2020.
             Slain by Grinder (6 damage)
             ... on level 3 of the Dungeon.
             The game lasted 00:10:32 (4271 turns).

Kohma the Chiller (Merfolk Ice Elementalist)        Turns: 4271, Time: 00:10:33

Health: -1/35      AC:  3    Str:  9    XL:     5   Next: 64%
Magic:  8/9        EV: 13    Int: 15    God:
Gold:   54         SH:  0    Dex: 14    Spells: 2/10 levels left

rFire    . . .     SeeInvis .   f - +1 dagger (venom)
rCold    . . .     Gourm    .   (no shield)
rNeg     . . .     Faith    .   a - +0 robe
rPois    .         Spirit   .   (no helmet)
rElec    .         Reflect  .   (no cloak)
rCorr    .         Harm     .   (no gloves)
MR       .....                  s - +0 pair of boots
Stlth    ++........             (no amulet)
HPRegen  0.11/turn              (no ring)
MPRegen  0.11/turn              (no ring)

@: no status effects
A: change form in water, swift swim, stealthy swim
a: no special abilities


You were on level 3 of the Dungeon.
You were not hungry.

You visited 1 branch of the dungeon, and saw 3 of its levels.

You collected 54 gold pieces.

Inventory:

Hand Weapons
 f - a +1 dagger of venom (weapon)
Missiles
 d - 70 stones
 w - 11 poisoned darts
 B - 4 curare-tipped darts (quivered)
Armour
 a - a +0 robe (worn)
 b - a +0 cloak
 s - a +0 pair of boots (worn)
 u - a +3 chain mail
 x - a scarf of spirit shield
Jewellery
 e - an uncursed ring of wizardry {unknown}
Scrolls
 g - a scroll of amnesia {unknown}
 l - 2 scrolls of teleportation {unknown}
 n - a scroll of fear {unknown}
 o - 3 scrolls of identify {unknown}
 p - a scroll of noise {unknown}
 q - 2 scrolls of magic mapping {unknown}
 r - a scroll of fog {unknown}
 y - a scroll of remove curse {unknown}
Potions
 h - 2 potions of mutation {unknown}
 i - 3 potions of heal wounds {unknown}
 j - a potion of agility {unknown}
 k - a potion of degeneration {unknown}
 m - a potion of lignification {unknown}
 t - a potion of flight {unknown}
 v - a potion of might {unknown}
 z - a potion of brilliance {unknown}
 A - a potion of curing {unknown}
Comestibles
 c - 11 rations
 C - 7 chunks of flesh


   Skills:
 - Level 2.6 Dodging
 - Level 2.1 Stealth
 + Level 3.2 Spellcasting
 - Level 1.0 Charms
 * Level 2.1 Summonings
 + Level 5.9 Ice Magic


You had 2 spell levels left.
You knew the following spells:

 Your Spells              Type           Power        Failure   Level  Hunger
a - Freeze                Ice            ###.         1%          1    #......
b - Ozocubu's Armour      Chrm/Ice       ##......     14%         3    ###....
c - Summon Ice Beast      Ice/Summ       ##......     36%         4    #####..

Your spell library contained the following spells:

 Spells                   Type           Power        Failure   Level  Hunger
 Hailstorm                Conj/Ice       ##......     50%         4    #####..


Dungeon Overview and Level Annotations

Branches:
Dungeon (3/15)

Altars:
Elyvilon
Trog

Annotations:
D:3 Grinder


Message History

You throw a curare-tipped dart. The curare-tipped dart hits Grinder.
Grinder is lightly wounded.
The gnoll shouts!
Grinder hits you!
* * * LOW HITPOINT WARNING * * *
Throwing (i - inventory. (/) - cycle)
B - 6 curare-tipped darts (quivered)
Press: ? - help, Shift-Dir - straight line, f/p - Grinder
Aim: Grinder (lightly wounded)
You throw a curare-tipped dart.
The curare-tipped dart closely misses Grinder.
You hear a splash.
Grinder misses you.
Throwing (i - inventory. (/) - cycle)
B - 5 curare-tipped darts (quivered)
Press: ? - help, Shift-Dir - straight line, f/p - Grinder
Aim: Grinder (lightly wounded)
You throw a curare-tipped dart.
The curare-tipped dart closely misses Grinder.
You hear a splash.
Grinder hits you.
You die...

#...###
#.#...#
#...#
#[....÷
#..##
#####.#
#..# #.#
#..# ####.#
#..# #.....
#..# #####.
#..## +.
#..@# #.
####5gg.⌠.#
####
##§#≈≈.
#... ## .≈
#.## ..§
§.. #... ≈#
.#.. ^
#≈^≈.


You could see Grinder and 2 gnolls.

Vanquished Creatures
  5 adders
  3 gnolls (D:3)
  3 worms
  3 dart slugs
  3 leopard geckos
  11 orcs (D:3)
  3 giant cockroaches
  8 goblins
  11 hobgoblins
  6 jackals
  7 kobolds
  2 ball pythons
  7 bats
  6 frilled lizards
  6 rats
84 creatures vanquished.

Vanquished Creatures (others)
  An ooze (D:2)
  A leopard gecko (D:2)
2 creatures vanquished.

Grand Total: 86 creatures vanquished

Notes
Turn   | Place    | Note
-------+----------+-------------------------------------------
     0 | D:1      | Kohma the Merfolk Ice Elementalist began the quest for the
                  | Orb.
     0 | D:1      | Reached XP level 1. HP: 13/13 MP: 3/3
   258 | D:1      | Reached XP level 2. HP: 19/19 MP: 5/5
   756 | D:1      | Reached skill level 5 in Ice Magic
  1027 | D:1      | Reached XP level 3. HP: 23/24 MP: 0/6
  1509 | D:1      | Learned a level 3 spell: Ozocubu's Armour
  1968 | D:2      | Found a white marble altar of Elyvilon.
  2078 | D:2      | Found a bloodstained altar of Trog.
  2124 | D:2      | Reached XP level 4. HP: 30/30 MP: 8/8
  2766 | D:3      | Learned a level 4 spell: Summon Ice Beast
  3332 | D:3      | Reached skill level 1 in Summonings
  3333 | D:3      | Reached skill level 1 in Charms
  3353 | D:3      | Reached XP level 5. HP: 35/35 MP: 4/9
  4259 | D:3      | Noticed Grinder
  4262 | D:3      | Paralysed by Grinder for 7 turns
  4271 | D:3      | Slain by Grinder

Levels and vault maps discovered:
D:1:      matt_arrival_spirals, layout_basic
D:2:      layout_basic, elyvilon_altar_4, lightli_temple_of_fire, first_ration
D:3:      layout_basic, tgw_xom, uniq_grinder

Skill      XL: |  1  2  3  4  5 |
---------------+----------------+-----
Ice Magic      | 5 |  5.9
Summonings     | 1 2 |  2.1
Charms         | 1 |  1.0
Spellcasting   | 3 |  3.2
Dodging        | |  2.6
Stealth        | |  2.1

Action                   |  1- 3 |  4- 6 || total
-------------------------+-------+-------++-------
Melee: Short sword       |     6 |       ||     6
       Dagger            |    52 |    59 ||   111
Throw: Stone             |    10 |       ||    10
       Dart              |       |     3 ||     3
 Cast: Freeze            |    31 |    61 ||    92
       Ozocubu's Armour  |       |     1 ||     1
 Stab: Sleeping          |     6 |     2 ||     8
       Distracted        |     1 |       ||     1
  Eat: Chunk             |     4 |     7 ||    11
Armor: Robe              |     9 |    19 ||    28
Dodge: Dodged            |    53 |    68 ||   121

Table legend:
 A = Non-vault XP
 B = Vault XP
 C = Vault XP percentage of total XP
 D = Non-vault monster count
 E = Vault monster count
 F = Vault count percentage of total count
                 A         B        C        D         E       F
            +---------+---------+-------+---------+---------+-------
      Total |     265 |       0 |   0.0 |      84 |       0 |   0.0
            +---------+---------+-------+---------+---------+-------
        D:1 |      54 |       0 |   0.0 |      30 |       0 |   0.0
        D:2 |      38 |       0 |   0.0 |      12 |       0 |   0.0
        D:3 |     173 |       0 |   0.0 |      42 |       0 |   0.0
            +---------+---------+-------+---------+---------+-------
